Cogmind - Beta 14 @@@ ROGUE MODE // 2025.03.01 @ 11:48:23 // Winter2019/RPGLIKE Player: Fellun Result: Smashed by cave-in Performance ------------- Evolutions (7) 3500 Regions Visited (22) 4400 Robots Destroyed (389) 1945 Value Destroyed (18781) 18781 Prototype IDs (39) 780 Alien Tech Used (14) 2800 Bonus (17590) 17590 TOTAL SCORE: 49796 Bonus ------- Triggered High Security 1500 High Alert Combat Kills 8334 Follower Combat Kills 1143 Entered Garrisons 200 Network Hubs Disabled 800 Met Data Miner 300 Acquired ECA 300 Built Enhanced Grunts 300 Used Core Reset Matrix 3000 Scanned by Researcher 500 Pursued by Intercept 500 Met Sigix 2000 Friendly Fire -1287 Cogmind --------- Core Integrity 0/2550 Matter 438/550 Energy 268/270 System Corruption 5% Temperature Cool (5) Movement Flying (25) Location -3/Section 7 Parts ------- > --- POWER (3) -------- Light Antimatter Reactor Matter Drive > --- PROPULSION (6) --- Q-thruster Q-thruster Improved Diametric Drive Improved Diametric Drive Impulse Thruster Array > --- UTILITY (9) ------ Advanced Heat Sink Advanced Gravity Neutralizer Advanced Signal Interpreter Improved Armor Integrity Analyzer Improved Kinecellerator Centrium Medium Armor Plating Advanced Hacking Suite > --- WEAPON (5) ------- KE Penetrator Railgun Helical Railgun Hardcell Cannon > --- INVENTORY (5) ---- Light Angular Momentum Engine Impulse Thruster Array Subatomic Replicator Peak State ------------ > --- POWER ------------ Light Angular Momentum Engine Light Angular Momentum Engine Light Antimatter Reactor > --- PROPULSION ------- Improved Diametric Drive Improved Diametric Drive Improved Diametric Drive Improved Diametric Drive Improved Diametric Drive Improved Diametric Drive > --- UTILITY ---------- Advanced Heat Sink Advanced Gravity Neutralizer Advanced Signal Interpreter Improved Armor Integrity Analyzer Advanced Transmission Jammer Centrium Medium Armor Plating Advanced Hacking Suite Microwarp Drive > --- WEAPON ----------- Quantum Rifle KE Penetrator Railgun Advanced KE Penetrator Advanced KE Penetrator > --- INVENTORY -------- Improved Kinecellerator Improved Medium Armor Plating Subatomic Replicator [Rating: 185] Favorites ----------- Power Light Angular Momentum Engine Engine Light Angular Momentum Engine Power Core Light Nuclear Core Reactor Light Antimatter Reactor Propulsion Improved Diametric Drive Wheel Wheel Flight Unit Improved Diametric Drive Utility Improved Medium Armor Plating Device Advanced Heat Sink Storage Advanced Energy Well Processor Improved Signal Interpreter Hackware Hacking Suite Protection Improved Medium Armor Plating Artifact Spacefold Activator Weapon Improved Assault Rifle Energy Gun Quantum Rifle Ballistic Gun Improved Assault Rifle Ballistic Cannon Hardcell Cannon Launcher Rocket Launcher Build | -11 -10 -9 -9 -9 -9 -7 -7 -7 -6 -6 -6 -6 -5 -5 -5 -5 -5 -5 -4 -3 -3 -3 ------- Run | Yrd Mat Mat Sto Gar Rec Fac Low Low Fac Low Low Dat Pro Fac Ext Cet Arc Hub Fac Res Qua Sec Slots Evolved 19 | 5 . 2 2 . 1 3 . . 1 . . . . . 3 1 . 1 . . . . Power 2 | 1 . . . . . . . . . . . . . . . 1 . . . . . . Propulsion 5 | 1 . 1 1 . . . . . . . . . . . 1 . . 1 . . . . Utility 8 | 1 . 1 . . 1 3 . . 1 . . . . . 1 . . . . . . . Weapon 4 | 2 . . 1 . . . . . . . . . . . 1 . . . . . . . Parts Attached 224 | 7 9 12 35 9 5 16 1 . 8 . . . . 13 8 13 2 6 10 38 7 25 Power 25 | 2 . . 4 1 . 1 . . . . . . . 1 2 3 . . 2 5 1 3 Engine 12 | 2 . . 2 . . . . . . . . . . 1 1 2 . . 2 . 1 1 Core 5 | . . . 2 1 . 1 . . . . . . . . 1 . . . . . . . Reactor 8 | . . . . . . . . . . . . . . . . 1 . . . 5 . 2 Propulsion 47 | 2 1 8 6 . . 5 . . 2 . . . . 2 1 . . 4 . 9 1 6 Treads . | . . . . . . . . . . . . . . . . . . . . . . . Leg . | . . . . . . . . . . . . . . . . . . . . . . . Wheel 5 | 2 1 2 . . . . . . . . . . . . . . . . . . . . Hover . | . . . . . . . . . . . . . . . . . . . . . . . Flight 42 | . . 6 6 . . 5 . . 2 . . . . 2 1 . . 4 . 9 1 6 Utility 72 | . 3 4 5 . 3 6 1 . 2 . . . . 6 2 4 . 1 3 17 4 11 Device 34 | . 2 2 . . 3 2 . . 1 . . . . 2 . 2 . 1 . 8 3 8 Storage 1 | . . . . . . . . . . . . . . . . 1 . . . . . . Processor 7 | . 1 1 . . . 1 1 . . . . . . . . . . . 1 2 . . Hackware 4 | . . . . . . 1 . . 1 . . . . 1 . . . . . 1 . . Protection 24 | . . 1 5 . . 2 . . . . . . . 3 2 1 . . 2 6 1 1 Artifact 2 | . . . . . . . . . . . . . . . . . . . . . . 2 Weapon 80 | 3 5 . 20 8 2 4 . . 4 . . . . 4 3 6 2 1 5 7 1 5 Energy Gun 12 | 1 1 . 2 . . . . . . . . . . . 1 1 2 . 2 2 . . Energy Cannon . | . . . . . . . . . . . . . . . . . . . . . . . Ballistic Gun 51 | 2 4 . 13 4 2 3 . . 2 . . . . 4 1 4 . 1 2 4 1 4 Ballistic Cannon 2 | . . . 1 . . . . . . . . . . . . . . . . . . 1 Launcher 15 | . . . 4 4 . 1 . . 2 . . . . . 1 1 . . 1 1 . . Special Weapon . | . . . . . . . . . . . . . . . . . . . . . . . Impact Weapon . | . . . . . . . . . . . . . . . . . . . . . . . Slashing Weapon . | . . . . . . . . . . . . . . . . . . . . . . . Piercing Weapon . | . . . . . . . . . . . . . . . . . . . . . . . Special Melee Weapon . | . . . . . . . . . . . . . . . . . . . . . . . Unidentified Prototypes 31 | . . . 5 . . 2 . . 1 . . . . . . 4 . . . 3 2 14 Parts Lost 8 | . . . 1 . . . . . . . . . . . . . . . . 1 1 5 Power 1 | . . . . . . . . . . . . . . . . . . . . . . 1 Propulsion . | . . . . . . . . . . . . . . . . . . . . . . . Utility 5 | . . . 1 . . . . . . . . . . . . . . . . 1 1 2 Weapon 2 | . . . . . . . . . . . . . . . . . . . . . . 2 Highest Loss Streak 1 | . . . 1 . . . . . . . . . . . . . . . . 1 1 1 To Critical Strikes . | . . . . . . . . . . . . . . . . . . . . . . . Average Slot Usage (%) 95 | . 91 100 98 100 100 99 100 100 100 100 100 100 100 94 93 94 95 89 91 93 98 88 Engine 9 | . 22 20 10 7 7 5 5 5 5 5 5 5 5 10 10 10 13 13 13 10 7 5 Core 2 | . . . 5 7 7 5 5 5 5 5 5 5 5 . . . . . . . . . Wheel 1 | . 21 17 . . . . . . . . . . . . . . . . . . . . Flight 19 | . . 3 26 30 29 24 23 23 22 22 22 22 22 16 16 18 18 16 17 21 25 21 Device 16 | . 8 10 8 7 9 18 23 23 22 22 22 22 22 22 21 18 18 17 17 16 16 15 Processor 7 | . 6 10 8 7 7 11 5 5 5 5 5 5 5 5 4 4 4 4 7 8 8 8 Hackware 5 | . . . . . . . 5 5 10 11 11 11 11 11 10 9 9 8 8 8 5 4 Protection 5 | . . 8 7 7 7 5 5 5 5 5 5 5 5 4 5 9 9 7 4 3 6 5 Energy Gun 1 | . 7 . . . . . . . . . . . . . . 4 4 4 3 4 4 1 Ballistic Gun 22 | . 24 30 29 27 29 24 23 23 21 22 22 22 22 22 21 18 18 17 17 16 17 16 Peak Build Rating 185 | 7 15 17 31 31 33 63 63 62 69 69 69 69 69 96 109 130 129 135 138 164 168 185 Average Rating 85 | 5 10 15 20 30 31 50 62 62 67 69 69 69 69 88 96 118 126 130 137 150 163 158 On Entrance 75 | . 7 15 17 31 31 33 63 62 62 69 69 69 69 69 96 109 126 126 135 138 163 168 Naked Turns . | . . . . . . . . . . . . . . . . . . . . . . . Heaviest Build 83 | 11 16 23 32 32 31 39 39 39 39 39 39 39 39 51 62 73 73 73 73 83 80 80 Greatest Support 97 | 26 26 36 33 33 39 44 44 44 44 44 44 44 44 54 64 74 74 83 82 85 83 97 Greatest Overweight (x) 1 | . . 1 1 . . . . . . . . . . . . . . . . 1 . . Average Overweight (x) . | . . . . . . . . . . . . . . . . . . . . . . . Largest Inventory Capacity 5 | . . . 1 1 1 3 3 3 3 3 3 3 3 3 3 3 3 3 3 3 3 5 Average Capacity 2 | . . . . 1 1 1 3 3 3 3 3 3 3 3 3 3 3 3 3 3 3 3 Most Carried 5 | . . . 1 1 1 3 3 3 3 3 3 3 3 3 3 3 3 3 3 3 3 5 Average Carried 2 | . . . . . 1 1 2 3 3 3 3 3 3 3 2 2 3 2 3 2 2 3 Final Capacity 5 | . . . 1 1 1 3 3 3 3 3 3 3 3 3 3 3 3 3 3 3 3 5 Final Carried 4 | . . . 1 1 1 3 3 3 3 3 3 3 3 3 2 3 3 3 3 3 3 4 Class Distribution -------------------- 44% | Scavenger-Sprinter 30% | Hacker-Sprinter 8% | Gunner 6% | Sprinter 6% | Scavenger-Gunner Dominant Class ---------------- Gunner | -10/Materials Gunner | -9/Materials Scavenger-Gunner | -9/Storage Scavenger-Sprinter | -9/Garrison Scavenger-Sprinter | -9/Recycling Sprinter | -7/Factory Hacker-Sprinter | -7/Lower Caves Hacker-Sprinter | -7/Lower Caves Hacker-Sprinter | -6/Factory Hacker-Sprinter | -6/Lower Caves Hacker-Sprinter | -6/Lower Caves Hacker-Sprinter | -6/Data Miner Hacker-Sprinter | -5/Proximity Caves Hacker-Sprinter | -5/Factory Hacker-Sprinter | -5/Extension Scavenger-Sprinter | -5/Cetus Scavenger-Sprinter | -5/Archives Scavenger-Sprinter | -5/Hub_04(d) Scavenger-Sprinter | -4/Factory Scavenger-Sprinter | -3/Research Scavenger-Sprinter | -3/Quarantine Scavenger-Sprinter | -3/Section 7 Resources | -11 -10 -9 -9 -9 -9 -7 -7 -7 -6 -6 -6 -6 -5 -5 -5 -5 -5 -5 -4 -3 -3 -3 ----------- Run | Yrd Mat Mat Sto Gar Rec Fac Low Low Fac Low Low Dat Pro Fac Ext Cet Arc Hub Fac Res Qua Sec Matter Collected 13374 | 166 316 535 1143 1056 537 611 253 338 698 108 . . 61 1147 1563 416 105 638 654 1457 408 1164 Remotely . | . . . . . . . . . . . . . . . . . . . . . . . Salvage Created 15335 | . 332 615 917 1064 216 699 122 473 801 . . . 100 1595 2240 470 103 1198 923 1916 246 1305 Parts 965 | . 17 75 67 96 14 45 6 19 34 . . . 6 101 106 21 4 75 58 135 13 73 Haulers Intercepted 2 | . . . . . . . . . . . . . . . 1 . . 1 . . . . Recyclers Shooed 11 | . . . . . . . . . 1 . . . . 4 5 . . . . 1 . . Parts Field Recycled . | . . . . . . . . . . . . . . . . . . . . . . . Retrieved Matter . | . . . . . . . . . . . . . . . . . . . . . . . Parts Self-Destructed 17 | . . . . . . . 5 6 . . . . 6 . . . . . . . . . Prevented . | . . . . . . . . . . . . . . . . . . . . . . . Kills | -11 -10 -9 -9 -9 -9 -7 -7 -7 -6 -6 -6 -6 -5 -5 -5 -5 -5 -5 -4 -3 -3 -3 ------- Run | Yrd Mat Mat Sto Gar Rec Fac Low Low Fac Low Low Dat Pro Fac Ext Cet Arc Hub Fac Res Qua Sec Combat Hostiles Destroyed 311 | . 8 22 21 46 9 12 3 10 10 . . . 2 31 38 7 2 17 20 34 3 16 Guns 285 | . 8 22 21 35 9 12 3 10 10 . . . 2 30 37 7 2 15 14 30 3 15 Cannons 1 | . . . . . . . . . . . . . . . . . . . . . . 1 AOE 24 | . . . . 11 . . . . . . . . . 1 1 . . 1 6 4 . . Classes Destroyed 23 | . 3 5 1 3 . . . 1 . . . . 1 . 2 . . 4 1 . . 2 Worker 16 | . . . 1 . . 1 . . 2 . . . . 2 . . . 7 1 1 . 1 Builder 12 | . . 2 . . . 1 . . . . . . . 2 . . . 2 . 5 . . Tunneler 1 | . . . . . . . . . . . . . . . . . . 1 . . . . Hauler 2 | . . . . . . . . . . . . . . . 1 . . 1 . . . . Recycler 6 | . . 1 . . . . . . . . . . . 1 2 . . . . 1 . 1 Operator 14 | . . 1 . . . 3 . . 4 . . . . 2 1 . . 1 1 . 1 . Drone 3 | . . . . . . . . . . . . . 2 . . . . . . 1 . . Watcher 25 | . 2 2 1 . . 3 . . . . . . . 4 . 1 . 1 3 2 2 4 Swarmer 75 | . 3 10 3 22 . 4 . . . . . . . 7 . . . 5 6 12 . 3 Cutter 9 | . . . . . . . . . . . . . . . . . . 2 . 2 . 5 Saboteur 2 | . . . . . . . . . . . . . . . . . . 1 . 1 . . Grunt 86 | . 5 6 7 8 2 5 2 4 6 . . . . 15 15 5 . 3 3 . . . Brawler 2 | . . . . . 1 . . . . . . . . 1 . . . . . . . . Duelist 1 | . . 1 . . . . . . . . . . . . . . . . . . . . Protector 2 | . . . . . . . . . . . . . . . . . . 2 . . . . Researcher 4 | . . . . . . . . . . . . . . . . . . . . . . 4 Sentry 67 | . . 5 11 3 3 2 . . 3 . . . . 3 7 . 2 2 10 8 3 5 Hunter 20 | . . . . 6 3 . 1 . . . . . . 3 2 . . . . 5 . . Programmer 13 | . . . . 4 . 1 . . 1 . . . . 2 1 . . . . 4 . . Heavy 2 | . . . . . . . . . . . . . . . . . . . 1 1 . . Behemoth 1 | . . . . . . . . . . . . . . . 1 . . . . . . . Cetus Guard 2 | . . . . . . . . . . . . . . . . 2 . . . . . . S7 Guard 1 | . . . . . . . . . . . . . . . . . . . . . . 1 Enhanced Grunt 1 | . . . . . . . . . . . . . . . . . . 1 . . . . Lightning 2 | . . . . . . . . . . . . . . . . . . 2 . . . . Executioner 2 | . . . . . . . . . . . . . . . . . . . . . . 2 Thug 10 | . . . . 1 . . . 5 . . . . . . 4 . . . . . . . Savage 2 | . . . . 1 . . . . . . . . . . 1 . . . . . . . Butcher 4 | . . . . 1 . . . . . . . . . . 3 . . . . . . . Guerrilla 4 | . . . . . . . . . . . . . . . 4 . . . . . . . Mutant 1 | . . . . . . . . 1 . . . . . . . . . . . . . . Best Kill Streak 15 | . 3 7 6 15 5 5 2 3 3 . . . 2 6 7 5 2 9 10 8 3 5 Combat Bots Only 15 | . 3 5 4 15 5 4 2 3 3 . . . 2 6 7 5 2 7 10 5 3 5 Max Kills in Single Turn 5 | . 1 2 2 3 2 2 2 1 1 . . . 2 3 2 2 1 5 5 4 1 2 Gunslinging 2 | . . 1 . 1 1 . 1 . . . . . . 2 1 1 . 1 . 1 . . Exploded 5 | . . . . 2 . . . . . . . . . 1 1 . . 1 5 2 . . Melee . | . . . . . . . . . . . . . . . . . . . . . . . Uniques/NPCs Destroyed . | . . . . . . . . . . . . . . . . . . . . . . . Combat | -11 -10 -9 -9 -9 -9 -7 -7 -7 -6 -6 -6 -6 -5 -5 -5 -5 -5 -5 -4 -3 -3 -3 -------- Run | Yrd Mat Mat Sto Gar Rec Fac Low Low Fac Low Low Dat Pro Fac Ext Cet Arc Hub Fac Res Qua Sec Hostile Shots Fired 1602 | . 31 103 83 131 14 47 22 36 173 . . . . 175 113 29 12 61 162 186 14 210 Missed 694 | . 10 32 29 59 5 28 13 15 98 . . . . 53 41 14 8 20 81 83 4 101 Damage Taken 16925 | . 224 801 760 922 134 231 122 388 903 . . . . 2153 1250 353 98 1654 1957 2035 566 2374 Core 12238 | . 187 559 601 686 109 169 95 283 644 . . . . 1501 890 236 67 1055 1474 1487 428 1767 Absorbed by Shields 365 | . . . . . . . . . . . . . . . 277 . . . . 88 . . Redirected to Core 10741 | . 125 492 454 585 67 127 95 252 510 . . . . 1379 775 217 67 987 1285 1377 402 1545 Ignored by Resistances 911 | . . . . . . 17 9 34 79 . . . . 128 117 26 8 35 146 138 20 154 Regen/Repaired (Parts) 528 | . . . . . . . . . . . . . . 110 . . . . . 282 136 . Core Remaining (%) 78 | 100 85 . . . 100 . . 100 . . . . 93 . . . . 47 26 . . . Volleys Fired 800 | . 33 42 65 86 17 47 8 26 56 . . . 4 78 89 15 5 36 46 77 18 52 Largest 5 | . 3 3 4 4 4 4 4 4 4 . . . 4 4 4 5 5 5 5 5 5 5 Hottest 232 | . 90 69 104 102 92 97 97 97 97 . . . 97 129 129 211 211 211 224 230 232 232 Shots Fired 3061 | . 99 126 208 306 68 161 32 104 210 . . . 16 312 332 71 24 176 205 333 56 222 Gun 2980 | . 99 126 194 287 68 152 32 104 205 . . . 16 312 324 70 24 176 200 331 56 204 Cannon 26 | . . . 8 . . . . . . . . . . . . . . . . . . 18 Launcher 55 | . . . 6 19 . 9 . . 5 . . . . . 8 1 . . 5 2 . . Special . | . . . . . . . . . . . . . . . . . . . . . . . Kinetic 2809 | . 75 126 202 287 68 152 32 104 205 . . . 16 312 324 55 20 142 168 279 46 196 Thermal 197 | . 24 . . . . . . . . . . . . . . 15 4 34 32 52 10 26 Explosive 55 | . . . 6 19 . 9 . . 5 . . . . . 8 1 . . 5 2 . . Electromagnetic . | . . . . . . . . . . . . . . . . . . . . . . . Robot Hit Streak 28 | . 5 9 10 27 19 28 6 10 14 . . . 6 16 17 12 13 9 18 20 16 23 Robot Miss Streak 8 | . 7 4 8 4 2 6 6 3 5 . . . 1 8 4 2 1 4 6 5 3 6 Penetration Max 1 | . . . . . . 1 . . 1 . . . . 1 1 1 . 1 1 1 . 1 Secondary Targets 49 | . 1 4 1 9 1 . 1 1 2 . . . . 12 4 2 1 4 1 5 . . Max Gunslinging Chain 2 | . 1 1 1 1 1 . 1 1 1 . . . . 2 1 1 1 2 1 1 . . Shots Hit Robots 1672 | . 31 71 99 158 52 83 17 67 135 . . . 5 186 197 43 20 77 107 176 25 123 Core Hits 774 | . 16 36 38 75 16 44 8 23 41 . . . 5 82 98 19 7 63 54 81 14 54 Critical Kills 30 | . . . 1 1 . . . 1 1 . . . . 4 2 2 . 2 5 10 . 1 Critical Parts Destroyed 42 | . . 1 2 1 . . . 1 3 . . . . 2 5 1 . 6 7 7 1 5 Critical Strikes 85 | . 1 1 3 2 . . . 2 4 . . . . 6 8 4 2 10 13 19 2 8 Burn 4 | . 1 . . . . . . . . . . . . . . 1 . 1 . 1 . . Destroy 80 | . . 1 3 2 . . . 2 4 . . . . 6 8 3 2 9 13 18 2 7 Blast 1 | . . . . . . . . . . . . . . . . . . . . . . 1 Melee Attacks . | . . . . . . . . . . . . . . . . . . . . . . . Impact . | . . . . . . . . . . . . . . . . . . . . . . . Slashing . | . . . . . . . . . . . . . . . . . . . . . . . Piercing . | . . . . . . . . . . . . . . . . . . . . . . . Sneak Attacks . | . . . . . . . . . . . . . . . . . . . . . . . Combat Hostiles . | . . . . . . . . . . . . . . . . . . . . . . . Follow-up Attacks . | . . . . . . . . . . . . . . . . . . . . . . . Damage Inflicted 47953 | . 395 1222 1564 3073 669 1381 279 866 2441 . . . 141 5254 7643 1425 606 4991 4418 6634 793 4158 Guns 42685 | . 395 1222 1564 2270 669 1381 279 866 2438 . . . 141 4969 7478 1382 606 2895 3663 5892 793 3782 Cannons 376 | . . . . . . . . . . . . . . . . . . . . . . 376 Explosions 4892 | . . . . 803 . . . . 3 . . . . 285 165 43 . 2096 755 742 . . Melee . | . . . . . . . . . . . . . . . . . . . . . . . Ramming . | . . . . . . . . . . . . . . . . . . . . . . . Kinetic 40487 | . 285 1222 1564 2270 669 1381 279 866 2438 . . . 141 4969 7478 1136 539 2608 3256 4957 652 3777 Thermal 2909 | . 110 . . . . . . . . . . . . 285 . 246 67 287 457 935 141 381 Explosive 2216 | . . . . 803 . . . . 3 . . . . . 165 43 . . 705 497 . . Electromagnetic 2341 | . . . . . . . . . . . . . . . . . . 2096 . 245 . . Impact . | . . . . . . . . . . . . . . . . . . . . . . . Slashing . | . . . . . . . . . . . . . . . . . . . . . . . Piercing . | . . . . . . . . . . . . . . . . . . . . . . . Highest Corruption 20 | . . . 2 2 2 . . . 1 1 1 1 1 2 3 3 3 20 1 2 3 3 Average Corruption 2 | . . . 1 2 2 . . . 1 1 1 1 1 2 2 3 3 8 1 1 2 3 Corruption Purged 4 | . . . . . . . . . . . . . . . . . . 4 . . . . Corruption Blocked . | . . . . . . . . . . . . . . . . . . . . . . . Effects 87 | . . . 5 11 1 . . . 2 1 . 1 1 5 10 8 2 15 1 4 10 10 Message Errors 21 | . . . 1 2 . . . . . 1 . . 1 3 3 1 . 3 1 2 2 1 Matter Fused 16 | . . . . 3 1 . . . 1 . . 1 . . 1 2 . 1 . . 2 4 Heat Flow Errors 11 | . . . . 1 . . . . . . . . . 1 1 2 2 . . 1 2 1 Energy Discharges 5 | . . . . 2 . . . . . . . . . . 1 . . 1 . . 1 . Parts Rejected 4 | . . . . . . . . . . . . . . . . . . 3 . 1 . . Data Loss (minor) 8 | . . . 1 1 . . . . . . . . . 1 1 . . 2 . . 1 1 Data Loss (major) 2 | . . . . 1 . . . . . . . . . . . . . . . . . 1 Misfires 6 | . . . 1 1 . . . . 1 . . . . . 1 1 . 1 . . . . Alerts 3 | . . . 1 . . . . . . . . . . . 1 . . . . . . 1 Weapon Failures 11 | . . . 1 . . . . . . . . . . . 1 2 . 4 . . 2 1 Overload Shots . | . . . . . . . . . . . . . . . . . . . . . . . Overflow Damage 215 | . . . . 18 . . . . . . . . . . 9 . . 87 . 101 . . Projectiles . | . . . . . . . . . . . . . . . . . . . . . . . Explosions 215 | . . . . 18 . . . . . . . . . . 9 . . 87 . 101 . . Melee . | . . . . . . . . . . . . . . . . . . . . . . . Knockbacks 3 | . . . . . . . . . . . . . . . . . . . . . . 3 Impact . | . . . . . . . . . . . . . . . . . . . . . . . Kinetic 3 | . . . . . . . . . . . . . . . . . . . . . . 3 Secondary . | . . . . . . . . . . . . . . . . . . . . . . . Self-Inflicted Damage 664 | . . . 10 127 . . . . 4 . . . . . 21 . . 404 90 8 . . Shots 15 | . . . 1 5 . . . . 1 . . . . . 1 . . 4 2 1 . . Rammed . | . . . . . . . . . . . . . . . . . . . . . . . Targets Rammed . | . . . . . . . . . . . . . . . . . . . . . . . Kicked . | . . . . . . . . . . . . . . . . . . . . . . . Crushed . | . . . . . . . . . . . . . . . . . . . . . . . Highest Temperature 427 | . 354 18 16 106 1 . . . 1 . . . . 188 85 192 232 88 105 427 256 140 Average Temperature 55 | . 107 11 3 19 1 . . . 1 . . . . 99 26 21 67 33 34 73 91 37 Received Heat Transfer 2966 | . 105 237 288 75 15 45 45 234 361 . . . . 495 364 117 18 111 246 75 36 99 Effects 3 | . 1 . . . . . . . . . . . . . . . . . . 2 . . Shutdowns 2 | . . . . . . . . . . . . . . . . . . . . 2 . . Energy Bleed 1 | . 1 . . . . . . . . . . . . . . . . . . . . . Siege Activations . | . . . . . . . . . . . . . . . . . . . . . . . Robots Corrupted 2 | . . . . . . . . . . . . . . . . . . 2 . . . . Combat Hostiles 1 | . . . . . . . . . . . . . . . . . . 1 . . . . Parts Fried 12 | . . . . . . . . . . . . . . . 1 . . 9 . 1 . 1 Impact Corruptions . | . . . . . . . . . . . . . . . . . . . . . . . Robots Melted . | . . . . . . . . . . . . . . . . . . . . . . . Combat Hostiles . | . . . . . . . . . . . . . . . . . . . . . . . Parts Melted 7 | . 1 . . . . . . . . . . . . . . . 1 1 2 1 1 . Heat Transferred 4887 | . 407 . . . . . . . . . . . . 250 . 650 150 727 668 1295 185 555 Parts Sabotaged 4 | . . . . . . . . . . . . . . . . . . . . 4 . . Parts Stolen . | . . . . . . . . . . . . . . . . . . . . . . . Parts Stripped . | . . . . . . . . . . . . . . . . . . . . . . . Power Chain Reactions . | . . . . . . . . . . . . . . . . . . . . . . . Alert | -11 -10 -9 -9 -9 -9 -7 -7 -7 -6 -6 -6 -6 -5 -5 -5 -5 -5 -5 -4 -3 -3 -3 ------- Run | Yrd Mat Mat Sto Gar Rec Fac Low Low Fac Low Low Dat Pro Fac Ext Cet Arc Hub Fac Res Qua Sec Peak Influence 3159 | . 288 516 765 2105 1112 779 . . 741 . . . . 836 1926 1465 830 2685 3159 2540 1475 1957 Initial 1658 | . . . 217 497 946 451 . . 360 . . . . 12 409 1100 586 290 1248 1658 1428 737 Average 1023 | . 97 277 495 1333 950 524 . . 564 . . . . 386 1090 1363 804 1140 1902 2030 1272 1635 Maximum Alert Level 5 | . 1 2 3 5 4 3 . . 3 . . . . 3 5 4 3 5 5 5 4 5 Low Security (%) 10 | 100 90 29 . . . . . . . . . . . 38 . . . 6 . . . . Level 1 10 | . 9 54 32 . . 10 . . 8 . . . . 20 . . . 25 . . . . Level 2 23 | . . 16 64 15 . 84 . . 82 . . . . 23 21 . 11 3 . . . . Level 3 11 | . . . 3 13 86 5 . . 9 . . . . 17 24 . 88 25 . . . 11 Level 4 17 | . . . . 39 13 . . . . . . . . . 40 100 . 7 23 1 100 22 Level 5 24 | . . . . 31 . . . . . . . . . . 10 . . 31 55 98 . 63 High Security 1 | . . . . . . . . . . . . . . . 2 . . . 20 . . 1 Max Security . | . . . . . . . . . . . . . . . . . . . . . . . Squads Dispatched 70 | . 1 2 3 . . 3 . . 3 . . . . 5 2 2 . 7 11 10 . 21 Investigation 10 | . . 2 1 . . . . . . . . . . 2 1 2 . 1 . 1 . . Extermination 11 | . . . . . . 2 . . 1 . . . . 1 . . . 1 1 2 . 3 Reinforcement 24 | . 1 . 1 . . 1 . . 1 . . . . 2 . . . 2 4 3 . 9 Assault 19 | . . . . . . . . . 1 . . . . . 1 . . 3 6 4 . 4 Garrison 4 | . . . 1 . . . . . . . . . . . . . . . . . . 3 Intercept 2 | . . . . . . . . . . . . . . . . . . . . . . 2 Searches Triggered . | . . . . . . . . . . . . . . . . . . . . . . . Data Miner Redirects 6 | . . . . . . . . . . . . . . 1 . . . . . 4 . 1 Construction Impeded . | . . . . . . . . . . . . . . . . . . . . . . . Haulers Reinforced 3 | . . . . . . . . . . . . . . 1 . . . . 1 1 . . Active Scanning Responses . | . . . . . . . . . . . . . . . . . . . . . . . Cargo Convoy Interrupts . | . . . . . . . . . . . . . . . . . . . . . . . Stealth | -11 -10 -9 -9 -9 -9 -7 -7 -7 -6 -6 -6 -6 -5 -5 -5 -5 -5 -5 -4 -3 -3 -3 --------- Run | Yrd Mat Mat Sto Gar Rec Fac Low Low Fac Low Low Dat Pro Fac Ext Cet Arc Hub Fac Res Qua Sec Distress Signals 14 | . 1 2 2 . . 1 . . . . . . . 1 . 1 . 1 1 2 . 2 Communications Jammed 359 | . . . . . . 22 . . 1 . . . . 67 53 . . 68 12 115 1 20 Distress Signals 343 | . . . . . . 21 . . 1 . . . . 65 53 . . 68 8 107 1 19 Times Spotted 516 | . 13 29 28 36 3 20 4 10 25 . . . . 51 39 10 4 44 54 52 11 83 Peak Tracking Total 15 | . 4 7 5 7 1 4 2 4 6 . . . . 7 5 5 2 13 15 9 5 12 Tactical Retreats 35 | . 2 1 2 2 . 1 . 1 2 . . . . 3 . . . 3 10 7 . 1 Traps | -11 -10 -9 -9 -9 -9 -7 -7 -7 -6 -6 -6 -6 -5 -5 -5 -5 -5 -5 -4 -3 -3 -3 ------- Run | Yrd Mat Mat Sto Gar Rec Fac Low Low Fac Low Low Dat Pro Fac Ext Cet Arc Hub Fac Res Qua Sec Traps Triggered 25 | . 1 2 4 5 . 4 . . . . . . . 1 1 . . . 3 4 . . Indirectly . | . . . . . . . . . . . . . . . . . . . . . . . Trap Hack Attempts . | . . . . . . . . . . . . . . . . . . . . . . . Triggered . | . . . . . . . . . . . . . . . . . . . . . . . Disarmed . | . . . . . . . . . . . . . . . . . . . . . . . Reprogrammed . | . . . . . . . . . . . . . . . . . . . . . . . Reused . | . . . . . . . . . . . . . . . . . . . . . . . Traps Extracted . | . . . . . . . . . . . . . . . . . . . . . . . Installed . | . . . . . . . . . . . . . . . . . . . . . . . Triggered 2 | . . . . . . . 1 1 . . . . . . . . . . . . . . Machines | -11 -10 -9 -9 -9 -9 -7 -7 -7 -6 -6 -6 -6 -5 -5 -5 -5 -5 -5 -4 -3 -3 -3 ---------- Run | Yrd Mat Mat Sto Gar Rec Fac Low Low Fac Low Low Dat Pro Fac Ext Cet Arc Hub Fac Res Qua Sec Machines Disabled 133 | . 1 . 7 9 . 6 . . 1 . . . . 17 4 3 1 43 16 5 4 16 Max in Single Turn 10 | . 1 . 1 1 . 5 . . 1 . . . . 6 1 1 . 10 5 1 1 1 Garrison Access 2 | . . . . . . . . . . . . . . . . . . 1 1 . . . Garrison Relay 6 | . . . . 6 . . . . . . . . . . . . . . . . . . Phase Generator 1 | . . . . 1 . . . . . . . . . . . . . . . . . . Network Hub 4 | . . . . . . . . . . . . . . . . . . 4 . . . . Machines Repaired . | . . . . . . . . . . . . . . . . . . . . . . . Machines Dismantled . | . . . . . . . . . . . . . . . . . . . . . . . Machines Sabotaged . | . . . . . . . . . . . . . . . . . . . . . . . Overloaded Fab Kills . | . . . . . . . . . . . . . . . . . . . . . . . Hacking | -11 -10 -9 -9 -9 -9 -7 -7 -7 -6 -6 -6 -6 -5 -5 -5 -5 -5 -5 -4 -3 -3 -3 --------- Run | Yrd Mat Mat Sto Gar Rec Fac Low Low Fac Low Low Dat Pro Fac Ext Cet Arc Hub Fac Res Qua Sec Machines Accessed 117 | . 3 7 9 3 10 15 1 . 5 . . 4 . 12 4 3 1 6 3 10 12 9 Terminals 81 | . 3 6 7 3 6 9 . . 3 . . . . 8 3 3 . 6 1 5 10 8 Fabricators 7 | . . . . . . 2 . . 1 . . . . 1 . . . . 1 2 . . Repair Stations 4 | . . . . . . . . . . . . . . 1 . . . . . 1 2 . Recycling Units 14 | . . 1 1 . 4 3 . . 1 . . . . 1 1 . . . 1 1 . . Scanalyzers . | . . . . . . . . . . . . . . . . . . . . . . . Garrison Access 5 | . . . 1 . . 1 . . . . . . . 1 . . . . . 1 . 1 Total Hacks 425 | . 5 24 18 5 27 30 1 . 19 . . 33 . 65 16 12 25 28 15 37 42 23 Successful 209 | . 2 7 10 2 11 14 1 . 7 . . 33 . 28 6 6 25 11 3 13 19 11 Failed 215 | . 3 17 8 3 16 16 . . 12 . . . . 36 10 6 . 17 12 24 23 12 Catastrophic 34 | . 2 1 . 1 4 1 . . 1 . . . . 4 2 2 . 6 1 6 1 2 Database Lockouts 1 | . . . . . . . . . . . . . . 1 . . . . . . . . Manual 245 | . 5 24 11 3 24 23 . . 16 . . . . 39 9 1 . 23 4 22 27 14 Terminals 292 | . 5 23 15 5 23 22 . . 15 . . . . 53 13 12 . 28 4 20 32 22 Fabricators 25 | . . . . . . 4 . . 2 . . . . 4 . . . . 6 9 . . Repair Stations 17 | . . . . . . . . . . . . . . 3 . . . . . 4 10 . Recycling Units 24 | . . 1 2 . 4 3 . . 2 . . . . 2 3 . . . 5 2 . . Scanalyzers . | . . . . . . . . . . . . . . . . . . . . . . . Garrison Access 8 | . . . 1 . . 1 . . . . . . . 3 . . . . . 2 . 1 Terminal Hacks 135 | . 2 4 5 2 4 2 1 . 2 . . 33 . 15 3 6 25 9 . 5 9 8 Record 59 | . . . . . . . . . . . . 11 . 6 1 6 25 3 . . 5 2 Part Schematic 14 | . . . . . . . . . . . . 12 . 1 1 . . . . . . . Robot Schematic 7 | . . . . . . . . . . . . 7 . . . . . . . . . . Prototype ID Bank 5 | . . 1 . . . . . . . . . 3 . 1 . . . . . . . . Open Door 10 | . . . 3 1 . . 1 . . . . . . . . . . . . . 1 4 Level Access Points 2 | . . 1 . . . . . . 1 . . . . . . . . . . . . . Branch Access Points 8 | . 1 1 . . . 1 . . 1 . . . . 1 1 . . 1 . 1 . . Terminal Index 8 | . . 1 1 . 2 1 . . . . . . . 1 . . . 1 . 1 . . Alert Level 2 | . . . . . . . . . . . . . . . . . . 1 . . 1 . Unreport Threat 18 | . 1 . 1 . 2 . . . . . . . . 5 . . . 3 . 3 2 1 Patrol Navigation 1 | . . . . 1 . . . . . . . . . . . . . . . . . . Activate Exoskeleton 1 | . . . . . . . . . . . . . . . . . . . . . . 1 Fabricator Hacks 13 | . . . . . . 4 . . 2 . . . . 3 . . . . 2 2 . . Network Status 5 | . . . . . . 3 . . 1 . . . . . . . . . 1 . . . Load Schematic 2 | . . . . . . . . . . . . . . 1 . . . . . 1 . . Build 6 | . . . . . . 1 . . 1 . . . . 2 . . . . 1 1 . . Repair Station Hacks 12 | . . . . . . . . . . . . . . 2 . . . . . 4 6 . Scan Component 6 | . . . . . . . . . . . . . . 1 . . . . . 2 3 . Repair 6 | . . . . . . . . . . . . . . 1 . . . . . 2 3 . Recycling Unit Hacks 13 | . . . . . 4 3 . . 1 . . . . 2 2 . . . . 1 . . Retrieve Matter 2 | . . . . . . . . . . . . . . 1 1 . . . . . . . Retrieve Components 11 | . . . . . 4 3 . . 1 . . . . 1 1 . . . . 1 . . Scanalyzer . | . . . . . . . . . . . . . . . . . . . . . . . Garrison Access Hacks 1 | . . . 1 . . . . . . . . . . . . . . . . . . . Unlock Access 1 | . . . 1 . . . . . . . . . . . . . . . . . . . Unauthorized Hacks 35 | . . 3 4 . 3 5 . . 2 . . . . 6 1 . . 2 1 1 4 3 Terminals 34 | . . 2 4 . 3 5 . . 2 . . . . 6 1 . . 2 1 1 4 3 Botnet 33 | . . 2 4 . 3 5 . . 2 . . . . 6 . . . 2 1 1 4 3 Search 1 | . . . . . . . . . . . . . . . 1 . . . . . . . Fabricators . | . . . . . . . . . . . . . . . . . . . . . . . Repair Stations . | . . . . . . . . . . . . . . . . . . . . . . . Recycling Units 1 | . . 1 . . . . . . . . . . . . . . . . . . . . Reject 1 | . . 1 . . . . . . . . . . . . . . . . . . . . Scanalyzers . | . . . . . . . . . . . . . . . . . . . . . . . Garrison Access . | . . . . . . . . . . . . . . . . . . . . . . . Data Cores Recovered 10 | . . 1 . . . 2 . . 4 . . . . 1 1 . . . . . 1 . Used 3 | . . . . . . 1 . . 1 . . . . . 1 . . . . . . . Hacking Detections 84 | . 3 6 7 2 6 13 . . 4 . . . . 10 3 2 . 6 2 7 8 5 Full Trace Events 10 | . . 1 1 . 2 . . . . . . . . 2 . 2 . 1 . 1 . . Feedback Events . | . . . . . . . . . . . . . . . . . . . . . . . Feedback Blocked . | . . . . . . . . . . . . . . . . . . . . . . . Robot Schematics Acquired 10 | . . . . . . . . . . . . 7 . . . . . . . . . 3 Robots Built 2 | . . . . . . . . . 2 . . . . . . . . . . . . . Authchips . | . . . . . . . . . . . . . . . . . . . . . . . Time 160 | . . . . . . . . . 76 . . . . . . . . . . 84 . . Total Robot Build Rating 10 | . . . . . . . . . 10 . . . . . . . . . . . . . Part Schematics Acquired 21 | . . . . . . . . . . . . 12 . 1 1 . . . . . . 7 Parts Built 6 | . . . . . . 2 . . . . . . . 2 . . . . 2 . . . Authchips . | . . . . . . . . . . . . . . . . . . . . . . . Time 323 | . . . . . . 117 . . . . . . . 148 . . . . 58 . . . Total Part Build Rating 42 | . . . . . . 14 . . . . . . . 14 . . . . 14 . . . Parts Repaired 6 | . . . . . . . . . . . . . . 1 . . . . . 2 3 . Time 264 | . . . . . . . . . . . . . . 14 . . . . . 143 107 . Parts Recycled . | . . . . . . . . . . . . . . . . . . . . . . . Recycled Matter . | . . . . . . . . . . . . . . . . . . . . . . . Retrieved Matter . | . . . . . . . . . . . . . . . . . . . . . . . Retrieved Components 21 | . . . . . 8 6 . . 1 . . . . 2 2 . . . . 2 . . Parts Scanalyzed . | . . . . . . . . . . . . . . . . . . . . . . . Part Schematics Acquired . | . . . . . . . . . . . . . . . . . . . . . . . Parts Damaged . | . . . . . . . . . . . . . . . . . . . . . . . Bothacking | -11 -10 -9 -9 -9 -9 -7 -7 -7 -6 -6 -6 -6 -5 -5 -5 -5 -5 -5 -4 -3 -3 -3 ------------ Run | Yrd Mat Mat Sto Gar Rec Fac Low Low Fac Low Low Dat Pro Fac Ext Cet Arc Hub Fac Res Qua Sec Used RIF Installer . | . . . . . . . . . . . . . . . . . . . . . . . Robots Hacked . | . . . . . . . . . . . . . . . . . . . . . . . Non-combat . | . . . . . . . . . . . . . . . . . . . . . . . Combat . | . . . . . . . . . . . . . . . . . . . . . . . Robot Hacks Applied . | . . . . . . . . . . . . . . . . . . . . . . . Relay Couplers Released 13 | . . . . 11 . . . . . . . . . . . . . 2 . . . . Machine Destruction 11 | . . . . 9 . . . . . . . . . . . . . 2 . . . . Programmers 2 | . . . . 2 . . . . . . . . . . . . . . . . . . Fabnet Peak Effective % . | . . . . . . . . . . . . . . . . . . . . . . . Robots Rewired . | . . . . . . . . . . . . . . . . . . . . . . . Allies Hacked . | . . . . . . . . . . . . . . . . . . . . . . . Hacks Repelled . | . . . . . . . . . . . . . . . . . . . . . . . Allies | -11 -10 -9 -9 -9 -9 -7 -7 -7 -6 -6 -6 -6 -5 -5 -5 -5 -5 -5 -4 -3 -3 -3 -------- Run | Yrd Mat Mat Sto Gar Rec Fac Low Low Fac Low Low Dat Pro Fac Ext Cet Arc Hub Fac Res Qua Sec Total Allies 9 | . . . . . . . . . 2 . . . . . 2 5 . . . . . . Largest Group 6 | . . . . . . . . . 2 . . . . . 2 6 6 6 . . . . Highest-Rated Group 511 | . . . . . . . . . 38 . . . . . 190 511 511 511 . . . . Highest-Rated Ally 159 | . . . . . . . . . 19 . . . . . 159 146 96 96 . . . . Warlord Squad Rendezvous 2 | . . . . . . . . . . . . . . . . . . . . 2 . . Infantry 1 | . . . . . . . . . . . . . . . . . . . . 1 . . Muscle 1 | . . . . . . . . . . . . . . . . . . . . 1 . . Total Orders . | . . . . . . . . . . . . . . . . . . . . . . . Ally Attacks 154 | . . . . . . . . . . . . . . . 54 30 18 52 . . . . Total Damage 4385 | . . . . . . . . . . . . . . . 1755 670 510 1450 . . . . Kills 27 | . . . . . . . . . . . . . . . 14 3 2 8 . . . . Allies Corrupted . | . . . . . . . . . . . . . . . . . . . . . . . Allies Melted 1 | . . . . . . . . . . . . . . . . . . . . 1 . . Intel | -11 -10 -9 -9 -9 -9 -7 -7 -7 -6 -6 -6 -6 -5 -5 -5 -5 -5 -5 -4 -3 -3 -3 ------- Run | Yrd Mat Mat Sto Gar Rec Fac Low Low Fac Low Low Dat Pro Fac Ext Cet Arc Hub Fac Res Qua Sec Robot Analysis Total . | . . . . . . . . . . . . . . . . . . . . . . . Derelict Logs Recovered 4 | . . . . . . . . 1 . 2 . . 1 . . . . . . . . . Drone Launches . | . . . . . . . . . . . . . . . . . . . . . . . Drone Recoveries . | . . . . . . . . . . . . . . . . . . . . . . . Exploration | -11 -10 -9 -9 -9 -9 -7 -7 -7 -6 -6 -6 -6 -5 -5 -5 -5 -5 -5 -4 -3 -3 -3 ------------- Run | Yrd Mat Mat Sto Gar Rec Fac Low Low Fac Low Low Dat Pro Fac Ext Cet Arc Hub Fac Res Qua Sec Turns Passed 10374 | 54 411 646 589 739 215 1006 323 365 495 145 43 38 131 877 618 240 134 421 645 951 426 862 Spaces Moved 16775 | 47 306 609 809 998 398 1662 731 857 802 557 166 146 396 1314 548 215 234 708 987 1569 633 2083 Core 5 | 5 . . . . . . . . . . . . . . . . . . . . . . Treads . | . . . . . . . . . . . . . . . . . . . . . . . Legs . | . . . . . . . . . . . . . . . . . . . . . . . Wheels 844 | 42 306 496 . . . . . . . . . . . . . . . . . . . . Hover . | . . . . . . . . . . . . . . . . . . . . . . . Flight 15926 | . . 113 809 998 398 1662 731 857 802 557 166 146 396 1314 548 215 234 708 987 1569 633 2083 Fastest Speed 15 | 50 90 34 31 31 31 27 27 27 26 26 26 26 26 26 28 28 28 27 29 15 15 15 Average Speed 30 | 85 90 74 33 31 31 29 27 27 26 26 26 26 26 31 31 28 28 30 29 24 15 22 Slowest Speed 125 | 90 100 125 117 31 31 31 27 27 27 26 26 26 26 32 32 28 28 34 29 88 15 28 Overloaded Moves . | . . . . . . . . . . . . . . . . . . . . . . . Propulsion Burnouts . | . . . . . . . . . . . . . . . . . . . . . . . Robots Hopped 76 | . . 1 3 . 2 5 . . 8 . . . . 2 4 . . 5 2 26 1 17 Cave-ins Triggered 2 | . . . . . . . . . . . . . . . . . . . . . 1 1 Teleports 70 | . . . . . . . . . . . . . . . . . . . . . . 70 Exploration Rate (%) 63 | 3 61 52 87 85 89 44 79 94 29 83 29 77 60 34 72 65 98 75 35 53 68 83 Regions Visited 22 Branch Regions 14 Pre-discovered Areas 3 | . . . 1 . . . 1 . . . . 1 . . . . . . . . . . Known Exits Taken 18 | . . 1 1 . . 1 1 1 1 1 1 1 1 1 1 1 1 1 1 1 1 . Unknown Exits Taken 3 | 1 1 . . . 1 . . . . . . . . . . . . . . . . . Scrap Searched 13 | . . . . . . . 2 4 . 4 1 . 2 . . . . . . . . . Spaces Dug 271 | . . . . . . 17 . . 38 . . . . 35 6 . . 6 101 39 6 23 Terrain Destroyed 2294 | . . . 46 184 . 122 1 4 47 . . . . 198 176 32 12 751 363 214 35 109 Melee . | . . . . . . . . . . . . . . . . . . . . . . . Projectile 867 | . . . . . . . 1 4 . . . . . 123 150 22 12 96 129 186 35 109 AOE 1427 | . . . 46 184 . 122 . . 47 . . . . 75 26 10 . 655 234 28 . . Terrain Rammed . | . . . . . . . . . . . . . . . . . . . . . . . Walls Destroyed . | . . . . . . . . . . . . . . . . . . . . . . . Machines Disabled . | . . . . . . . . . . . . . . . . . . . . . . . Actions | -11 -10 -9 -9 -9 -9 -7 -7 -7 -6 -6 -6 -6 -5 -5 -5 -5 -5 -5 -4 -3 -3 -3 --------- Run | Yrd Mat Mat Sto Gar Rec Fac Low Low Fac Low Low Dat Pro Fac Ext Cet Arc Hub Fac Res Qua Sec Total 20025 | 57 369 703 977 1227 442 2072 836 924 944 556 165 145 413 1585 784 349 288 804 1225 1901 925 2334 Wait 1521 | 4 15 6 19 13 13 280 89 19 71 . . . . 103 44 87 35 25 140 160 263 135 Move 16611 | 46 305 606 803 997 393 1651 730 856 787 556 165 145 395 1309 539 214 233 697 982 1523 629 2050 Hop 65 | . . 1 3 . 2 5 . . 6 . . . . 2 4 . . 5 2 19 1 15 Pick Up 17 | . . . 1 1 . 2 1 . . . . . . . . . . 1 2 1 2 6 Fast Attach 93 | 7 5 4 11 . 1 6 . . 1 . . . . 2 2 3 1 5 5 16 5 19 Attach 9 | . . . . 1 . . 1 . . . . . . . 1 . . . . 1 1 4 Detach 3 | . . . . . . . . . . . . . . . . 1 . . . . . 2 Swap 133 | . 4 8 24 8 4 10 . . 7 . . . . 11 5 10 1 1 5 21 2 12 Drop 95 | . 2 8 15 2 1 7 1 . 2 . . . . 12 2 2 2 3 6 12 3 15 Fire 800 | . 33 42 65 86 17 47 8 26 56 . . . 4 78 89 15 5 36 46 77 18 52 Melee . | . . . . . . . . . . . . . . . . . . . . . . . Ram . | . . . . . . . . . . . . . . . . . . . . . . . Kick . | . . . . . . . . . . . . . . . . . . . . . . . Crush . | . . . . . . . . . . . . . . . . . . . . . . . Escape Stasis 167 | . . . . 72 . 49 . . . . . . . . 18 . . . 6 19 1 2 Rewire . | . . . . . . . . . . . . . . . . . . . . . . . Trap . | . . . . . . . . . . . . . . . . . . . . . . . Miscellaneous 511 | . 5 28 36 47 11 15 6 23 14 . . . 14 68 80 17 11 31 31 52 . 22 Route ------- -11/Scrapyard -10/Materials (discovered 3 exits: *Mat x2 / *Min) -9/Materials (discovered 7 exits: *Mat x3 / *Min x2 / *Sto x2) -9/Storage (discovered 2 exits: *Mat / Gar) -9/Garrison (discovered 3 exits: *Rec x3) -9/Recycling -7/Factory (discovered 3 exits: *Fac / *Low x2) -7/Lower Caves -7/Lower Caves (discovered 2 exits: *Fac / *Zio) -6/Factory (discovered 6 exits: *Fac x4 / *Low x2) -6/Lower Caves -6/Lower Caves -6/Data Miner -5/Proximity Caves -5/Factory (discovered 6 exits: *Fac x2 / Upp x2 / *Ext x2) -5/Extension (discovered 2 exits: *Fac / *Cet) -5/Cetus -5/Archives (discovered 3 exits: *Fac / *Hub x2) -5/Hub_04(d) (discovered 4 exits: *Fac x4) -4/Factory -3/Research (discovered 3 exits: *Res / *Qua x2) -3/Quarantine -3/Section 7 History --------- Turn | Location | Event 1 | -11/Scrapyard | Upgraded with Power slot (x1) 1 | -11/Scrapyard | Upgraded with Propulsion slot (x1) 1 | -11/Scrapyard | Upgraded with Utility slot (x1) 1 | -11/Scrapyard | Upgraded with Weapon slot (x1) 1 | -11/Scrapyard | Upgraded with Weapon slot (x1) 14 | -11/Scrapyard | Discovered new exit (range 15) 55 | -11/Scrapyard | Entered Materials 168 | -10/Materials | Identified exit to Mines 221 | -10/Materials | Discovered new exit (range 10) 451 | -10/Materials | Discovered new exit (range 18) 466 | -10/Materials | Entered another Materials area 468 | -9/Materials | Reached level 2 504 | -9/Materials | Discovered new exit (range 15) 553 | -9/Materials | Upgraded with Utility slot (x1) 571 | -9/Materials | Reached level 3 644 | -9/Materials | Discovered new exit (range 10) 672 | -9/Materials | Build established: Gunner 838 | -9/Materials | Reached level 4 854 | -9/Materials | Discovered new exit (range 9) 866 | -9/Materials | Identified exit to Materials 1033 | -9/Materials | Upgraded with Propulsion slot (x1) 1060 | -9/Materials | Discovered new exit (range 13) 1108 | -9/Materials | Identified exit to Mines 1108 | -9/Materials | Identified exit to Storage 1112 | -9/Materials | Entered Storage 1114 | -9/Storage | Reached level 5 1233 | -9/Storage | Discovered exit to Materials (range 16) 1250 | -9/Storage | Upgraded with Weapon slot (x1) 1260 | -9/Storage | Reached level 6 1352 | -9/Storage | Build established: Scavenger-Gunner 1450 | -9/Storage | Learned location of Armory (-4) 1577 | -9/Storage | Reached level 7 1609 | -9/Storage | Upgraded with Propulsion slot (x1) 1680 | -9/Storage | Garrison activated, responded to threat 1701 | -9/Storage | Identified exit to Garrison 1701 | -9/Storage | Entered Garrison 1703 | -9/Garrison | Reached level 8 1710 | -9/Garrison | Garrison Relay disabled 1789 | -9/Garrison | Triggered checkpoint 1834 | -9/Garrison | Destroyed 8 combat bots 1863 | -9/Garrison | Triggered checkpoint 1863 | -9/Garrison | Triggered checkpoint 1877 | -9/Garrison | Build established: Scavenger-Sprinter 1880 | -9/Garrison | Reached level 9 1922 | -9/Garrison | Destroyed 15 combat bots 1940 | -9/Garrison | Discovered new exit (range 10) 2021 | -9/Garrison | Triggered checkpoint 2037 | -9/Garrison | Garrison Relay disabled 2096 | -9/Garrison | Discovered new exit (range 11) 2103 | -9/Garrison | Triggered checkpoint 2133 | -9/Garrison | Triggered checkpoint 2226 | -9/Garrison | Reached level 10 2249 | -9/Garrison | Triggered checkpoint 2249 | -9/Garrison | Garrison Relay disabled 2276 | -9/Garrison | Garrison Relay disabled 2308 | -9/Garrison | Phase Generator disabled 2327 | -9/Garrison | Garrison Relay disabled 2401 | -9/Garrison | Garrison Relay disabled 2411 | -9/Garrison | Discovered new exit (range 14) 2440 | -9/Garrison | Entered Recycling 2577 | -9/Recycling | Upgraded with Utility slot (x1) 2649 | -9/Recycling | Discovered new exit (range 17) 2655 | -9/Recycling | Entered Factory 2657 | -7/Factory | Reached level 11 2662 | -7/Factory | Upgraded with Utility slot (x1) 2669 | -7/Factory | Upgraded with Utility slot (x1) 2725 | -7/Factory | Identified exit to Lower Caves 2889 | -7/Factory | Fabricated Lrn. Sensor Array (x2) 3078 | -7/Factory | Reached level 12 3213 | -7/Factory | Build established: Sprinter 3499 | -7/Factory | Discovered new exit (range 8) 3610 | -7/Factory | Reached level 13 3638 | -7/Factory | Upgraded with Utility slot (x1) 3661 | -7/Factory | Entered Lower Caves 3667 | -7/Lower Caves | Met a Warlord Commander 3668 | -7/Lower Caves | Learned location of Warlord (-4) 3669 | -7/Lower Caves | Warlord Commander delivered Encrypted Comm Array 3672 | -7/Lower Caves | Found Encrypted Comm Array 3848 | -7/Lower Caves | Spotted B-75 Beast 3863 | -7/Lower Caves | Build established: Hacker-Sprinter 3982 | -7/Lower Caves | Discovered new exit (range 7) 3984 | -7/Lower Caves | Identified exit to Lower Caves 3984 | -7/Lower Caves | Entered another Lower Caves area 3986 | -7/Lower Caves | Reached level 14 4002 | -7/Lower Caves | Learned Factory trap positions 4057 | -7/Lower Caves | Found DCF Scrap (12 items) 4105 | -7/Lower Caves | Encountered a Warlord checkpoint 4123 | -7/Lower Caves | Discovered new exit (range 9) 4126 | -7/Lower Caves | Identified exit to Zion 4262 | -7/Lower Caves | Attacked by a faux Warlord 4345 | -7/Lower Caves | Discovered new exit (range 6) 4346 | -7/Lower Caves | Identified exit to Factory 4349 | -7/Lower Caves | Entered Factory 4350 | -6/Factory | Loaded intel: 135 trap records 4351 | -6/Factory | Reached level 15 4351 | -6/Factory | Identified exit to Lower Caves 4351 | -6/Factory | Identified exit to Factory 4401 | -6/Factory | Upgraded with Utility slot (x1) 4666 | -6/Factory | Reached level 16 4688 | -6/Factory | Fabricated R-10 Processor (x2) 4699 | -6/Factory | First assault squad dispatched 4824 | -6/Factory | Spotted B-75 Beast 4844 | -6/Factory | Entered Lower Caves 4875 | -6/Lower Caves | Learned location of 1 exit from Factory 4904 | -6/Lower Caves | Encountered a Warlord checkpoint 4976 | -6/Lower Caves | Learned 12 Factory zone layouts 4984 | -6/Lower Caves | Discovered new exit (range 13) 4987 | -6/Lower Caves | Identified exit to Lower Caves 4989 | -6/Lower Caves | Entered another Lower Caves area 4991 | -6/Lower Caves | Reached level 17 5025 | -6/Lower Caves | Discovered new exit (range 16) 5031 | -6/Lower Caves | Identified exit to Data Miner 5032 | -6/Lower Caves | Entered Data Miner 5032 | -6/Data Miner | Discovered new exit (range 6) 5036 | -6/Data Miner | Identified exit to Proximity Caves 5039 | -6/Data Miner | Met Data Miner 5045 | -6/Data Miner | Learned location of Section 7 (-3) 5045 | -6/Data Miner | Acquired the access code to Warlord's prototype stash 5050 | -6/Data Miner | Received God Mode back door access code from Data Miner 5070 | -6/Data Miner | Entered Proximity Caves 5072 | -5/Proximity Caves | Reached level 18 5151 | -5/Proximity Caves | Learned 4 Factory zone layouts 5169 | -5/Proximity Caves | Discovered exit to Factory (range 13) 5201 | -5/Proximity Caves | Entered Factory 5202 | -5/Factory | Identified exit to Factory 5203 | -5/Factory | Reached level 19 5267 | -5/Factory | Fabricated Impulse Thruster Array (x1) 5307 | -5/Factory | Repaired Imp. Medium Armor Plating 5354 | -5/Factory | Fabricated Cld. Nuclear Pulse Thruster (x1) 5447 | -5/Factory | Reached level 20 5576 | -5/Factory | Discovered exit to Factory (range 12) 5632 | -5/Factory | Core integrity fell below 50% 5739 | -5/Factory | Identified exit to Upper Caves 5739 | -5/Factory | Identified exit to Extension 5759 | -5/Factory | Reached level 21 5824 | -5/Factory | Incoming investigation squad redirected 6065 | -5/Factory | Central database locked down 6078 | -5/Factory | Entered Extension 6130 | -5/Extension | Reached level 22 6228 | -5/Extension | Disrupted transfer network 6270 | -5/Extension | Rescued A7 6386 | -5/Extension | Destroyed 7 combat bots 6406 | -5/Extension | Spotted B-75 Beast 6408 | -5/Extension | Rescued a captive Derelict 6431 | -5/Extension | Destroyed B-75 Beast 6435 | -5/Extension | Spotted B-75 Beast 6447 | -5/Extension | Allies destroyed B-75 Beast 6592 | -5/Extension | Reached level 23 6602 | -5/Extension | Identified exit to Cetus 6644 | -5/Extension | Upgraded with Propulsion slot (x1) 6644 | -5/Extension | Upgraded with Weapon slot (x1) 6645 | -5/Extension | Upgraded with Utility slot (x1) 6662 | -5/Extension | Discovered exit to Factory (range 13) 6678 | -5/Extension | First assault squad dispatched 6682 | -5/Extension | High security lockdown imminent 6696 | -5/Extension | Entered Cetus 6696 | -5/Cetus | Accompanied by 2 allies (A7) 6700 | -5/Cetus | Spotted Cetus Guard 6700 | -5/Cetus | Spotted Cetus Guard 6701 | -5/Cetus | Acquired a Cetus Manufacturing Module code from A7 6702 | -5/Cetus | Spotted Cetus Guard 6706 | -5/Cetus | Spotted Cetus Guard 6711 | -5/Cetus | Allies destroyed Cetus Guard 6714 | -5/Cetus | Destroyed Cetus Guard 6720 | -5/Cetus | Allies destroyed Cetus Guard 6725 | -5/Cetus | Destroyed Cetus Guard 6764 | -5/Cetus | Started Cetus Manufacturing Module 6789 | -5/Cetus | Manufactured an Enhanced Grunt 6810 | -5/Cetus | Extracted ID and sensor layout for unrecognized location from A7's data core 6814 | -5/Cetus | Manufactured an Enhanced Grunt 6829 | -5/Cetus | Discovered new exit (range 18) 6831 | -5/Cetus | Upgraded with Power slot (x1) 6839 | -5/Cetus | Manufactured an Enhanced Grunt 6864 | -5/Cetus | Manufactured an Enhanced Grunt 6889 | -5/Cetus | Manufactured an Enhanced Grunt 6909 | -5/Cetus | Identified exit to Archives 6936 | -5/Cetus | Entered Archives 6936 | -5/Archives | Accompanied by 6 allies 6965 | -5/Archives | Unable to access archive contents 6968 | -5/Archives | Unable to access archive contents 6969 | -5/Archives | Discovered exit to Factory (range 15) 6971 | -5/Archives | Unable to access archive contents 6972 | -5/Archives | Discovered new exit (range 15) 6973 | -5/Archives | Unable to access archive contents 6974 | -5/Archives | Discovered new exit (range 13) 6982 | -5/Archives | Identified exit to Hub_04(d) 7043 | -5/Archives | Build established: Scavenger-Sprinter 7070 | -5/Archives | Entered Hub_04(d) 7070 | -5/Hub_04(d) | Accompanied by 6 allies 7072 | -5/Hub_04(d) | Reached level 24 7079 | -5/Hub_04(d) | Upgraded with Propulsion slot (x1) 7091 | -5/Hub_04(d) | Spotted B-75 Beast 7189 | -5/Hub_04(d) | Discovered exit to Factory (range 14) 7220 | -5/Hub_04(d) | Network Hub disabled 7228 | -5/Hub_04(d) | Discovered exit to Factory (range 12) 7228 | -5/Hub_04(d) | Spotted Lightning 7271 | -5/Hub_04(d) | Spotted Lightning 7271 | -5/Hub_04(d) | Spotted Lightning 7276 | -5/Hub_04(d) | Discovered exit to Factory (range 17) 7291 | -5/Hub_04(d) | System corruption reached 10% 7298 | -5/Hub_04(d) | Destroyed Lightning 7313 | -5/Hub_04(d) | Destroyed Lightning 7315 | -5/Hub_04(d) | Lost 3 allies 7326 | -5/Hub_04(d) | Allies destroyed Lightning 7345 | -5/Hub_04(d) | Network Hub disabled 7370 | -5/Hub_04(d) | First assault squad dispatched 7390 | -5/Hub_04(d) | Discovered exit to Factory (range 15) 7413 | -5/Hub_04(d) | Network Hub disabled 7417 | -5/Hub_04(d) | Spotted Lightning 7417 | -5/Hub_04(d) | Spotted Lightning 7424 | -5/Hub_04(d) | Spotted Lightning 7424 | -5/Hub_04(d) | Spotted Lightning 7424 | -5/Hub_04(d) | Spotted Lightning 7425 | -5/Hub_04(d) | Network Hub disabled 7427 | -5/Hub_04(d) | Spotted Lightning 7447 | -5/Hub_04(d) | Destroyed 7 combat bots 7476 | -5/Hub_04(d) | Reached level 25 7491 | -5/Hub_04(d) | Entered Factory 7492 | -4/Factory | Core integrity fell below 50% 7741 | -4/Factory | First assault squad dispatched 7949 | -4/Factory | Spotted B-86 Titan 7986 | -4/Factory | Fabricated Matter Neutralizer? 8003 | -4/Factory | High security lockdown imminent 8019 | -4/Factory | Reached level 26 8026 | -4/Factory | Core integrity fell below 20% 8073 | -4/Factory | Discovered new exit (range 12) 8083 | -4/Factory | High security lockdown engaged 8116 | -4/Factory | Identified exit to Research 8130 | -4/Factory | Destroyed 10 combat bots 8136 | -4/Factory | Entered Research 8137 | -3/Research | Core integrity fell below 50% 8138 | -3/Research | Reached level 27 8194 | -3/Research | Core integrity fell below 20% 8268 | -3/Research | Joined by Warlord Infantry squad 8354 | -3/Research | Joined by Warlord Muscle squad 8386 | -3/Research | First assault squad dispatched 8440 | -3/Research | Found Prototype Processor 8440 | -3/Research | Identified Exp. Terrain Scan Processor 8481 | -3/Research | Spotted B-86 Titan 8541 | -3/Research | Discovered new exit (range 5) 8542 | -3/Research | Identified exit to Research 8571 | -3/Research | Reached level 28 8632 | -3/Research | Incoming assault squad redirected 8653 | -3/Research | Incoming assault squad redirected 8660 | -3/Research | Incoming assault squad redirected 8755 | -3/Research | Spotted B-86 Titan 8814 | -3/Research | Repaired Imp. Medium Armor Plating 8915 | -3/Research | Repaired Adv. Gravity Neutralizer 8978 | -3/Research | Identified exit to Quarantine 9061 | -3/Research | Incoming assault squad redirected 9087 | -3/Research | Entered Quarantine 9089 | -3/Quarantine | Reached level 29 9236 | -3/Quarantine | Found Alien Artifact 9236 | -3/Quarantine | Identified Terrabomb 9236 | -3/Quarantine | Used Terrabomb 9239 | -3/Quarantine | Found Terrabomb 9247 | -3/Quarantine | Crushed by falling debris 9327 | -3/Quarantine | Repaired Imp. Diametric Drive 9349 | -3/Quarantine | Met incapacitated Sigix Warrior 9349 | -3/Quarantine | Lockdown squad dispatched 9350 | -3/Quarantine | Acquired the access code to the Sigix quarantine chamber 9350 | -3/Quarantine | Unlocked Sigix quarantine chamber 9427 | -3/Quarantine | Repaired Imp. Kinecellerator 9454 | -3/Quarantine | Repaired Lgt. Angular Momentum Engine 9457 | -3/Quarantine | Spotted Lightning 9457 | -3/Quarantine | Spotted Lightning 9457 | -3/Quarantine | Spotted Lightning 9474 | -3/Quarantine | Cryocooling Duct disabled 9489 | -3/Quarantine | Ambient heat levels rising (+20) 9489 | -3/Quarantine | Non-combat units ordered to evacuate 9495 | -3/Quarantine | Found Alien Artifact 9502 | -3/Quarantine | Spotted Fortress 9512 | -3/Quarantine | Discovered new exit (range 6) 9513 | -3/Quarantine | Identified exit to Section 7 9513 | -3/Quarantine | Entered Section 7 9516 | -3/Section 7 | Identified Subatomic Replicator 9527 | -3/Section 7 | Scanned by Researcher 9547 | -3/Section 7 | Garrison activated, responded to threat 9557 | -3/Section 7 | Spotted S7 Guard 9560 | -3/Section 7 | Found Alien Artifact 9560 | -3/Section 7 | Identified Integrated Thermoelectric Network 9560 | -3/Section 7 | Installed Integrated Thermoelectric Network, gained heat-energy exchange potential 9583 | -3/Section 7 | Spotted S7 Guard 9590 | -3/Section 7 | Found Alien Artifact 9590 | -3/Section 7 | Identified Microwarp Drive 9601 | -3/Section 7 | Found Alien Artifact 9601 | -3/Section 7 | Identified Navigation Efficiency Matrix 9601 | -3/Section 7 | Installed Navigation Efficiency Matrix, process failed with unexpected side effects 9646 | -3/Section 7 | Spotted S7 Guard 9661 | -3/Section 7 | Destroyed S7 Guard 9665 | -3/Section 7 | Found Alien Artifact 9665 | -3/Section 7 | Identified Core Regenerator 9665 | -3/Section 7 | Used Core Regenerator, restored core integrity (+600) 9670 | -3/Section 7 | Reached level 30 9672 | -3/Section 7 | Found Alien Artifact 9672 | -3/Section 7 | Identified Integrated Mediator 9672 | -3/Section 7 | Installed Integrated Mediator, increased core attachment efficiency 9682 | -3/Section 7 | Found Alien Artifact 9682 | -3/Section 7 | Identified Integrity Redistributor 9682 | -3/Section 7 | Used Integrity Redistributor, redistributed integrity to core (+243) 9703 | -3/Section 7 | Found Alien Artifact 9703 | -3/Section 7 | Identified Spacefold Activator 9749 | -3/Section 7 | Intercept squad dispatched 9812 | -3/Section 7 | First assault squad dispatched 9822 | -3/Section 7 | Spotted Alpha 7 9823 | -3/Section 7 | Spotted Alpha 7 9852 | -3/Section 7 | Spotted B-99 Colossus 9868 | -3/Section 7 | Found Alien Artifact 9868 | -3/Section 7 | Identified Hpw. Transdimensional Reconstructor 9868 | -3/Section 7 | Warped through subspace 9956 | -3/Section 7 | Spotted Executioner 9958 | -3/Section 7 | Spotted Executioner 9972 | -3/Section 7 | Found Alien Reactor 9972 | -3/Section 7 | Identified Matter Drive 9983 | -3/Section 7 | Spotted Striker 10023 | -3/Section 7 | Intercept squad dispatched 10047 | -3/Section 7 | Found Alien Artifact 10047 | -3/Section 7 | Identified LRC Storage 10047 | -3/Section 7 | Installed LRC Storage, increased inventory capacity (+2) 10050 | -3/Section 7 | Found Alien Artifact 10050 | -3/Section 7 | Identified LRC Inertial Stabilizer 10050 | -3/Section 7 | Installed LRC Inertial Stabilizer, increased mass support (+10) 10060 | -3/Section 7 | Found Alien Artifact 10060 | -3/Section 7 | Identified Core Reset Matrix 10060 | -3/Section 7 | Used Core Reset Matrix 10064 | -3/Section 7 | Sensed 10 artifacts in vicinity 10079 | -3/Section 7 | Incoming assault squad redirected 10103 | -3/Section 7 | Spotted Executioner 10104 | -3/Section 7 | Spotted Executioner 10109 | -3/Section 7 | Spotted Striker 10147 | -3/Section 7 | Spotted Tracker 10336 | -3/Section 7 | Destroyed Executioner 10360 | -3/Section 7 | High security lockdown imminent 10360 | -3/Section 7 | Destroyed Executioner 10375 | -3/Section 7 | Crushed by falling debris 10375 | -3/Section 7 | Smashed by cave-in Last Messages --------------- 10352_ Slug penetrates Executioner. 10352_ Executioner knocked back. 10356_ Slug penetrates Executioner. 10356_ Executioner suffers critical hit (Destroy). 10356_ Destroyed Prototype Device. 10356_ Executioner knocked back. 10356_ Slug penetrates Machine. 10359_ Penetrated by Slug. 10360_ Slug penetrates Executioner. 10360_ Executioner destroyed. 10360_ ALERT: High security lockdown imminent, T-100. 10364_ Acquired 105 matter. 10365_ Acquired Prototype Ballistic Gun. 10365_ Identified Helical Railgun. 10367_ Navigation matrix triggers involuntary quantum shift. 10375_ The unstable cave ceiling collapses. 10375_ Crushed by falling debris. 10375_ Railgun destroyed. 10375_ System corrupted by crushing effect (+5). [Achievement: Tester] Map ----- +----------------------------------------------------+ | """"""??????????????? | | """"""??????????????? | | """"" """"""??????????????? | | " """"??????????????? | | "" """"""??????????[?? | | """"""???????????? | | " " """?????????? | | " """"????????? | | """???????? | | "???????? | | ""#??????? | | "#??????? | | ##?????? | | #?????? | | #?????? | | #??????? | | "" ""#??????? | | " ""#??????? | | """" "" ""#??????? | | ""??" ""#??????? | | "???"" ""#??????? | | ""??" ""#??????? | | """" ""#????]?? | | ""###????? | | ""# ##???? | | ""; @#???? | | ""; #???? | | ""; ##???? | | ; #????? | | """"" ;##????? | | "?" #?????? | | " """ #?????? | | """ ##?????? | | """" """"##????? | | """" #????? | | """"" #????? | | """"" ##???? | | [ """" #???? | | % ! %"" " ##???? | | ! "" " #????? | | % " " #????? | | """"""" """" #????? | | ### """"""" """ #????? | | #?# """"""" ""##????? | | #?####+++#########"=" "" #????? | | ??#""" """#????# ##????? | | ??#""" """#????## # ## #????? | | ??#""" """#?????### ?# ????? | | ??#""" """#????????# #?##???? | | ??#""" """#????????? #??????? | +----------------------------------------------------+ Best States ------------- Heat Dissipation 110 Energy Generation 54 Energy Capacity 540 Matter Stores 550 Matter Capacity 550 Sight Range 19 Robot Scan Range 14 Terrain Scan Density 10 Jamming Range 16 Additional Mass Support 16 Armor Coverage 450 Resistance: KI 5 Resistance: TH 5 Resistance: EX 5 Evasion (%) 67 Targeting Accuracy 5 Core Analysis 6 Armor Integrity Analysis 40 Kinecelleration 40 Offensive Hacking 19 Defensive Hacking 19 Item Schematics ----------------- None Robot Schematics ------------------ None Fabricated ------------ Lrn. Sensor Array | x2 | -7/Factory | Preloaded R-10 Processor | x2 | -6/Factory | Preloaded Impulse Thruster Array | x1 | -5/Factory | Preloaded Cld. Nuclear Pulse Thruster | x1 | -5/Factory Matter Neutralizer | x2 | -4/Factory | Preloaded Alien Tech Used ----------------- Terrabomb Subatomic Replicator Integrated Thermoelectric Network Microwarp Drive Navigation Efficiency Matrix Core Regenerator Integrated Mediator Integrity Redistributor Spacefold Activator High-powered Transdimensional Reconstructor Matter Drive LRC Storage LRC Inertial Stabilizer Core Reset Matrix Achievements -------------- 404 Can't Catch Me Nope Signature Confirmed Tester Challenges ------------ None RPGLIKE | -11 -10 -9 -9 -9 -9 -7 -7 -7 -6 -6 -6 -6 -5 -5 -5 -5 -5 -5 -4 -3 -3 -3 --------- Run | Yrd Mat Mat Sto Gar Rec Fac Low Low Fac Low Low Dat Pro Fac Ext Cet Arc Hub Fac Res Qua Sec Levels Raised 29 | . . 3 3 3 . 3 . 1 2 . 1 . 1 3 2 . . 2 1 2 1 1 XP Earned 47241 | 3000 1130 4467 4383 4140 665 3634 1000 811 2940 500 500 453 1000 5252 2614 573 335 1616 2062 3567 977 1622 XP Spent 46160 | 2800 120 3460 3065 . 4880 6350 300 . 3000 . . . . 1600 7500 800 1300 1700 2880 3445 1775 1185 Upgrades 98 | 5 2 7 8 . 22 5 1 . 3 . . . . 1 4 1 2 1 16 12 5 3 Power Slot 2 | 1 . . . . . . . . . . . . . . . 1 . . . . . . Propulsion Slot 5 | 1 . 1 1 . . . . . . . . . . . 1 . . 1 . . . . Utility Slot 8 | 1 . 1 . . 1 3 . . 1 . . . . . 1 . . . . . . . Weapon Slot 4 | 2 . . 1 . . . . . . . . . . . 1 . . . . . . . Core Integrity 39 | . . 2 2 . 4 . . . . . . . . . . . . . 16 7 5 3 Heat Dissipation 11 | . 2 . 1 . 4 . . . . . . . . . . . . . . 4 . . Energy Generation 1 | . . . . . . . 1 . . . . . . . . . . . . . . . Energy Storage 2 | . . . . . 2 . . . . . . . . . . . . . . . . . Matter Storage 5 | . . . 2 . 3 . . . . . . . . . . . . . . . . . Mass Support 5 | . . 3 . . . . . . . . . . . 1 1 . . . . . . . Inventory Capacity 3 | . . . 1 . . 2 . . . . . . . . . . . . . . . . Sight Range 3 | . . . . . 2 . . . . . . . . . . . . . . 1 . . Ranged Accuracy 2 | . . . . . 1 . . . . . . . . . . . 1 . . . . . Hack Attack % 1 | . . . . . 1 . . . . . . . . . . . . . . . . . Hack Defense % 1 | . . . . . 1 . . . . . . . . . . . . . . . . . KI Resistance % 1 | . . . . . 1 . . . . . . . . . . . . . . . . . TH Resistance % 1 | . . . . . 1 . . . . . . . . . . . . . . . . . EX Resistance % 1 | . . . . . 1 . . . . . . . . . . . . . . . . . KI Damage % 3 | . . . . . . . . . 2 . . . . . . . 1 . . . . . Protomatter Created 5028 | . 33 317 262 505 272 163 96 196 111 . . . 110 596 851 108 83 172 335 462 149 207 Integrity Restored 10762 | . 99 578 773 1003 217 247 110 436 291 . . . 330 1440 1651 377 242 652 675 1143 . 498 Core 8870 | . 99 502 627 805 109 169 57 321 246 . . . 330 1361 1038 296 67 527 675 1143 . 498 Parts 1892 | . . 76 146 198 108 78 53 115 45 . . . . 79 613 81 175 125 . . . . Protomatter Decayed 1547 | . . 112 1 92 153 57 57 44 13 . . . . 100 177 108 . 175 114 208 76 60 Game ------ Seed ThunderBombardmentFocus Manual? 0 Play Time 03:23:30 Cumulative 690.4 hours Start 2025.02.28 @ 17:27:19 End 2025.03.01 @ 11:48:23 Sessions 7 Manual Loads 0 Difficulty Rogue Special Mode Winter2019/RPGLIKE Game No. 46 Rogue 34 Adventurer 9 Explorer 3 Win Type - Total 6 Types 4/0/0/2/0/0/0/0/0 Lore% 46 Gallery% 51 Achievement% 59 Wizard Run 0 Options --------- Layout 0 ASCII 0 Keyboard 0 Movement Mouse Keybinds 0 Fullscreen 2 Font 18/SmallcapsGlow Map View 76x50 Zoom Use 0% Tactical HUD 1 Map Filters NONE Filters NONE Steam 1 RUN: 8a35c504-a901-48c6-b81d-67d70eb8704f